TOP OF THE 1ST |
Lehigh Valley IronPigs batting - Pitching for Memphis Redbirds : RHP Josh Ambrose
|
Pitching: RHP Josh Ambrose
|
|
Batting: SHB Lance Franklin
|
0-0: Foul Ball, location: 2F 0-1: Swinging Strike 0-2: Fly out, F9 (Flyball, 9LD, EV 89.4 MPH)
|
Batting: RHB Quintin Parker
|
0-0: Ball 1-0: Swinging Strike 1-1: Swinging Strike 1-2: Foul Ball, location: 2F 1-2: Ball 2-2: Ball 3-2: Base on Balls
|
Batting: RHB Josh Hensley
|
0-0: Ball 1-0: Called Strike 1-1: Called Strike 1-2: Ball 2-2: Ball 3-2: Base on Balls Quintin Parker to second
|
Batting: RHB Chris Pounds
|
0-0: Ball 1-0: Called Strike 1-1: Ball Quintin Parker steals 3rd base Josh Hensley to second 2-1: Foul Ball, location: 2F 2-2: Ground out U3 (Groundball, 13, EV 88.8 MPH) Quintin Parker scores Josh Hensley to third
|
Batting: LHB Darrell Ortega
|
0-0: Ball 1-0: Swinging Strike 1-1: SINGLE (Groundball, 4MD, EV 97.5 MPH) Josh Hensley scores
|
Batting: LHB Tyler Allen
|
0-0: Called Strike 0-1: Called Strike 0-2: Foul Ball, location: 2F 0-2: Fly out, F8 (Line Drive, 8RD, EV 104.4 MPH)
|
Top of the 1st over - 2 runs, 1 hit, 0 errors, 1 left on base; Lehigh Valley 2 - Memphis 0 |
BOTTOM OF THE 1ST |
Memphis Redbirds batting - Pitching for Lehigh Valley IronPigs : LHP Isaias Felix
|
Pitching: LHP Isaias Felix
|
|
Batting: RHB Dustin Clark
|
0-0: Called Strike 0-1: Ball 1-1: Called Strike 1-2: Ball 2-2: Ball 3-2: Base on Balls
|
Batting: RHB Rick O'Reilly
|
0-0: Ball 1-0: Called Strike 1-1: Ball 2-1: Foul Ball, location: 2F 2-2: SINGLE (Groundball, 6MD, EV 96.2 MPH) Dustin Clark to second
|
Batting: RHB Jimmy Hammertime
|
0-0: Ball 1-0: Ball 2-0: Ball 3-0: Called Strike 3-1: Base on Balls Dustin Clark to third Rick O'Reilly to second
|
Batting: RHB Pavpv Ivanushkin
|
0-0: Ball 1-0: Called Strike 1-1: Ball 2-1: Fly out, F8 (Line Drive, 8LD, EV 103.1 MPH) Runner from 3rd tags up, SCORES, no throw by CF
|
Batting: RHB Jason Keller
|
0-0: Ball 1-0: Ball 2-0: Grounds into double play, 6-4-3 (Groundball, 6, EV 85.0 MPH)
|
Bottom of the 1st over - 1 run, 1 hit, 0 errors, 1 left on base; Lehigh Valley 2 - Memphis 1 |
TOP OF THE 2ND |
Lehigh Valley IronPigs batting - Pitching for Memphis Redbirds : RHP Josh Ambrose
|
Batting: RHB Mitch Boyd
|
0-0: Ball 1-0: Ball 2-0: Foul Ball, location: 2F 2-1: Fly out, F8 (Line Drive, 8RM, EV 105.6 MPH)
|
Batting: RHB Dan Grable
|
0-0: Foul Ball, location: 2F 0-1: Ball 1-1: Ball 2-1: Ground out U3 (Groundball, 34, EV 100.0 MPH)
|
Batting: SHB Cesar Arteaga
|
0-0: Called Strike 0-1: Swinging Strike 0-2: Ball 1-2: Ball 2-2: Strikes out swinging
|
Top of the 2nd over - 0 runs, 0 hits, 0 errors, 0 left on base; Lehigh Valley 2 - Memphis 1 |
BOTTOM OF THE 2ND |
Memphis Redbirds batting - Pitching for Lehigh Valley IronPigs : LHP Isaias Felix
|
Batting: RHB Klaas Meij
|
0-0: Ball 1-0: Ball 2-0: Swinging Strike 2-1: Fly out, F9 (Flyball, 9LS, EV 95.6 MPH)
|
Batting: LHB Jesus Ramirez
|
0-0: Ball 1-0: Ground out 4-3 (Groundball, 4, EV 108.1 MPH)
|
Batting: RHB Josh Lyon
|
0-0: Ball 1-0: Ball 2-0: Ball 3-0: Base on Balls
|
Batting: LHB Yeong-hun Joe
|
0-0: SINGLE (Groundball, 34S, EV 75.6 MPH) (infield hit) Josh Lyon to second
|
Batting: RHB Dustin Clark
|
0-0: Foul Ball, location: 2F 0-1: Foul Ball, location: 2F 0-2: Ball 1-2: Ball 2-2: Ball 3-2: Foul Ball, location: 2F 3-2: Strikes out swinging, 2-3 out at first.
|
Bottom of the 2nd over - 0 runs, 1 hit, 0 errors, 2 left on base; Lehigh Valley 2 - Memphis 1 |
TOP OF THE 3RD |
Lehigh Valley IronPigs batting - Pitching for Memphis Redbirds : RHP Josh Ambrose
|
Batting: SHB Lance Franklin
|
0-0: Ball 1-0: Ball 2-0: Foul Ball, location: 2F 2-1: Called Strike 2-2: SINGLE (Line Drive, 8LS, EV 100.6 MPH)
|
Batting: RHB Quintin Parker
|
0-0: Called Strike 0-1: Ball 1-1: Foul Ball, location: 2F 1-2: Ball 2-2: Ball 3-2: Base on Balls Lance Franklin to second
|
Batting: RHB Josh Hensley
|
0-0: Ball 1-0: Ball 2-0: Foul Ball, location: 2F 2-1: Swinging Strike 2-2: Fly out, F7 (Flyball, 7D, EV 106.2 MPH) Runner from 2nd tags up, SAFE at 3rd with throw by LF
|
Batting: RHB Chris Pounds
|
0-0: Fly out, F4 (Flyball, 34D, EV 90.0 MPH)
|
Batting: LHB Darrell Ortega
|
0-0: Ball 1-0: Ball 2-0: Ball 3-0: Ground out 4-3 (Groundball, 4, EV 88.1 MPH)
|
Top of the 3rd over - 0 runs, 1 hit, 0 errors, 2 left on base; Lehigh Valley 2 - Memphis 1 |
BOTTOM OF THE 3RD |
Memphis Redbirds batting - Pitching for Lehigh Valley IronPigs : LHP Isaias Felix
|
Batting: RHB Rick O'Reilly
|
0-0: Ball 1-0: Foul Ball, location: 2F 1-1: Ball 2-1: Ball 3-1: Base on Balls
|
Batting: RHB Jimmy Hammertime
|
0-0: Foul Ball, location: 2F 0-1: Ball Rick O'Reilly is caught stealing 2nd base 2-4 1-1: Ground out 4-3 (Groundball, 34, EV 102.5 MPH)
|
Batting: RHB Pavpv Ivanushkin
|
0-0: Ball 1-0: Called Strike 1-1: Fly out, F9 (Line Drive, 9, EV 92.5 MPH)
|
Bottom of the 3rd over - 0 runs, 0 hits, 0 errors, 0 left on base; Lehigh Valley 2 - Memphis 1 |
TOP OF THE 4TH |
Lehigh Valley IronPigs batting - Pitching for Memphis Redbirds : RHP Josh Ambrose
|
Batting: LHB Tyler Allen
|
0-0: SINGLE (Line Drive, 6D, EV 95.0 MPH)
|
Batting: RHB Mitch Boyd
|
0-0: Ball 1-0: Called Strike Tyler Allen steals 2nd base 1-1: Ball 2-1: Called Strike 2-2: Foul Ball, location: 2F 2-2: Foul Ball, location: 2F 2-2: Ground out 5-3 (Groundball, 5L, EV 106.9 MPH)
|
Batting: RHB Dan Grable
|
0-0: Called Strike 0-1: Swinging Strike 0-2: Ball 1-2: Ball 2-2: Ball 3-2: Fly out, F3 (Popup, 23F, EV 93.8 MPH)
|
Batting: SHB Cesar Arteaga
|
0-0: Ball 1-0: Ball 2-0: Called Strike 2-1: Foul Ball, location: 2F 2-2: Fly out, F8 (Line Drive, 8LM, EV 95.0 MPH)
|
Top of the 4th over - 0 runs, 1 hit, 0 errors, 1 left on base; Lehigh Valley 2 - Memphis 1 |
BOTTOM OF THE 4TH |
Memphis Redbirds batting - Pitching for Lehigh Valley IronPigs : LHP Isaias Felix
|
Batting: RHB Jason Keller
|
0-0: Called Strike 0-1: Called Strike 0-2: Fly out, F8 (Line Drive, 8RM, EV 88.1 MPH)
|
Batting: RHB Klaas Meij
|
0-0: Ball 1-0: Called Strike 1-1: Fly out, F7 (Line Drive, 7, EV 97.5 MPH)
|
Batting: LHB Jesus Ramirez
|
0-0: Called Strike 0-1: Ball 1-1: Ball 2-1: Ball 3-1: Base on Balls
|
Batting: RHB Josh Lyon
|
0-0: Called Strike 0-1: Swinging Strike 0-2: SINGLE (Groundball, 4D, EV 96.9 MPH) Jesus Ramirez to second Runner from 2nd tries for 3rd, SAFE, throw by RF made at trailing runner, OUT! 9-6
|
Bottom of the 4th over - 0 runs, 1 hit, 0 errors, 1 left on base; Lehigh Valley 2 - Memphis 1 |
TOP OF THE 5TH |
Lehigh Valley IronPigs batting - Pitching for Memphis Redbirds : RHP Josh Ambrose
|
Batting: SHB Lance Franklin
|
0-0: Ball 1-0: Called Strike 1-1: Swinging Strike 1-2: Foul Ball, location: 2F 1-2: Foul Ball, location: 2F 1-2: Ball 2-2: Strikes out looking
|
Batting: RHB Quintin Parker
|
0-0: Ball 1-0: Ball 2-0: Swinging Strike 2-1: Swinging Strike 2-2: SINGLE (Groundball, 5S, EV 69.4 MPH) (infield hit)
|
Batting: RHB Josh Hensley
|
0-0: Called Strike 0-1: Called Strike 0-2: Foul Ball, location: 2F 0-2: Ball 1-2: Ball 2-2: Ball 3-2: SINGLE (Groundball, 56, EV 101.9 MPH) Quintin Parker to second Quintin Parker to third
|
Pitching: LHP Carlos Toledo
|
|
Batting: RHB Chris Pounds
|
0-0: Hit by Pitch Josh Hensley to second
|
Batting: LHB Darrell Ortega
|
0-0: Ball 1-0: Called Strike 1-1: Foul Ball, location: 2F 1-2: Ball 2-2: Fly out, F8 (Line Drive, 8LD, EV 92.5 MPH) Runner from 3rd tags up, SCORES, no throw by CF
|
Batting: LHB Tyler Allen
|
0-0: Ball 1-0: Ball 2-0: Called Strike 2-1: Swinging Strike 2-2: Strikes out swinging
|
Top of the 5th over - 1 run, 2 hits, 0 errors, 2 left on base; Lehigh Valley 3 - Memphis 1 |
BOTTOM OF THE 5TH |
Memphis Redbirds batting - Pitching for Lehigh Valley IronPigs : LHP Isaias Felix
|
Batting: LHB Yeong-hun Joe
|
0-0: Ball 1-0: Called Strike 1-1: Foul Ball, location: 2F 1-2: Foul Ball, location: 2F 1-2: Fly out, F9 (Line Drive, 9, EV 100.0 MPH)
|
Batting: RHB Dustin Clark
|
0-0: Fly out, F8 (Flyball, 8LXD, EV 105.0 MPH)
|
Batting: RHB Rick O'Reilly
|
0-0: Ball 1-0: Swinging Strike 1-1: Ball 2-1: Ground out 5-3 (Groundball, 56, EV 79.4 MPH)
|
Bottom of the 5th over - 0 runs, 0 hits, 0 errors, 0 left on base; Lehigh Valley 3 - Memphis 1 |
TOP OF THE 6TH |
Lehigh Valley IronPigs batting - Pitching for Memphis Redbirds : LHP Carlos Toledo
|
Batting: RHB Mitch Boyd
|
0-0: Called Strike 0-1: Ball 1-1: Ball 2-1: DOUBLE (Flyball, 8LXD, EV 93.8 MPH)
|
Batting: RHB Dan Grable
|
0-0: Ball 1-0: Called Strike 1-1: Ground out 6-3 (Groundball, 6, EV 109.4 MPH)
|
Batting: SHB Cesar Arteaga
|
0-0: Ball 1-0: Fly out, F7 (Line Drive, 7, EV 109.4 MPH)
|
Batting: SHB Lance Franklin
|
0-0: Ball 1-0: Foul Ball, location: 2F 1-1: Called Strike 1-2: Ball 2-2: Ball Passed Ball! Mitch Boyd to third 3-2: Strikes out swinging
|
Top of the 6th over - 0 runs, 1 hit, 0 errors, 1 left on base; Lehigh Valley 3 - Memphis 1 |
BOTTOM OF THE 6TH |
Memphis Redbirds batting - Pitching for Lehigh Valley IronPigs : LHP Isaias Felix
|
Batting: RHB Jimmy Hammertime
|
0-0: Ball 1-0: Ball 2-0: Swinging Strike 2-1: Ball 3-1: Ground out 5-3 (Groundball, 5L, EV 103.8 MPH)
|
Batting: RHB Pavpv Ivanushkin
|
0-0: Called Strike 0-1: Ball 1-1: Fly out, F8 (Line Drive, 8LD, EV 94.4 MPH)
|
Batting: RHB Jason Keller
|
0-0: Ball 1-0: Ball 2-0: SINGLE (Groundball, 6MD, EV 101.2 MPH)
|
Batting: RHB Klaas Meij
|
0-0: Swinging Strike 0-1: Foul Ball, location: 2F 0-2: Ball 1-2: Ball 2-2: Ball 3-2: Ground out 6-3 (Groundball, 6, EV 102.5 MPH)
|
Bottom of the 6th over - 0 runs, 1 hit, 0 errors, 1 left on base; Lehigh Valley 3 - Memphis 1 |
TOP OF THE 7TH |
Lehigh Valley IronPigs batting - Pitching for Memphis Redbirds : LHP Carlos Toledo
|
Batting: RHB Quintin Parker
|
0-0: Foul Ball, location: 2F 0-1: Ball 1-1: Ball 2-1: Ground out 6-3 (Groundball, 6, EV 79.4 MPH)
|
Batting: RHB Josh Hensley
|
0-0: Fly out, F8 (Line Drive, 8LD, EV 88.8 MPH)
|
Batting: RHB Chris Pounds
|
0-0: Ball 1-0: Swinging Strike 1-1: Ball 2-1: Foul Ball, location: 2F 2-2: SINGLE (Groundball, 6MD, EV 102.5 MPH)
|
Batting: LHB Darrell Ortega
|
0-0: Fly out, F4 (Flyball, 4D, EV 89.4 MPH)
|
Top of the 7th over - 0 runs, 1 hit, 0 errors, 1 left on base; Lehigh Valley 3 - Memphis 1 |
BOTTOM OF THE 7TH |
Memphis Redbirds batting - Pitching for Lehigh Valley IronPigs : LHP Isaias Felix
|
Batting: LHB Jesus Ramirez
|
0-0: Foul Ball, location: 2F 0-1: Called Strike 0-2: Ball 1-2: Strikes out swinging
|
Pitching: RHP Ben Bosley
|
|
Batting: RHB Josh Lyon
|
0-0: Ball 1-0: Ball 2-0: Ball 3-0: Called Strike 3-1: Ground out 6-3 (Groundball, 6, EV 87.5 MPH)
|
Batting: LHB Yeong-hun Joe
|
0-0: Foul Ball, location: 2F 0-1: Ground out 4-3 (Groundball, 4, EV 101.9 MPH)
|
Bottom of the 7th over - 0 runs, 0 hits, 0 errors, 0 left on base; Lehigh Valley 3 - Memphis 1 |
TOP OF THE 8TH |
Lehigh Valley IronPigs batting - Pitching for Memphis Redbirds : LHP Carlos Toledo
|
Pitching: RHP Pete Rance
|
|
Batting: LHB Tyler Allen
|
0-0: SINGLE (Groundball, 25, EV 66.9 MPH) (infield hit)
|
Batting: RHB Mitch Boyd
|
0-0: Ball 1-0: Ball 2-0: Bunted foul 2-1: Sac Bunt to 5S - play at first, batter OUT! 5-4 Tyler Allen to second
|
Batting: RHB Dan Grable
|
0-0: Ball 1-0: Called Strike 1-1: Ball 2-1: Foul Ball, location: 2F 2-2: SINGLE (Groundball, 56, EV 99.4 MPH) (infield hit) Tyler Allen to third
|
Batting: SHB Cesar Arteaga
|
0-0: Ball 1-0: Grounds into double play, 6-4-3 (Groundball, 56, EV 83.8 MPH)
|
Top of the 8th over - 0 runs, 2 hits, 0 errors, 1 left on base; Lehigh Valley 3 - Memphis 1 |
BOTTOM OF THE 8TH |
Memphis Redbirds batting - Pitching for Lehigh Valley IronPigs : RHP Ben Bosley
|
Batting: RHB Dustin Clark
|
0-0: Ground out 5-3 (Groundball, 5S, EV 67.5 MPH)
|
Batting: RHB Rick O'Reilly
|
0-0: Ball 1-0: Ball 2-0: DOUBLE (Line Drive, 78D, EV 111.9 MPH)
|
Batting: RHB Jimmy Hammertime
|
0-0: Called Strike 0-1: Ball 1-1: SINGLE (Groundball, 56D, EV 95.6 MPH) Rick O'Reilly to third Throwing error, E7 Rick O'Reilly scores Jimmy Hammertime to second
|
Batting: RHB Pavpv Ivanushkin
|
0-0: Ball 1-0: Ball 2-0: Ball 3-0: Called Strike 3-1: Base on Balls
|
Pinch Hitting: LHB Jayden Thomas
|
0-0: Ball 1-0: Ball 2-0: Fielders Choice at 2nd, 1-6 (Groundball, 23, EV 68.1 MPH) Jimmy Hammertime to third
|
Batting: RHB Klaas Meij
|
0-0: Ball 1-0: Fly out, F7 (Flyball, 7D, EV 90.6 MPH)
|
Bottom of the 8th over - 1 run, 2 hits, 1 error, 2 left on base; Lehigh Valley 3 - Memphis 2 |
TOP OF THE 9TH |
Lehigh Valley IronPigs batting - Pitching for Memphis Redbirds : RHP Pete Rance
|
Pitching: RHP Josh Sabatino
|
|
Now in RF: Jayden Thomas
|
|
Batting: SHB Lance Franklin
|
0-0: Ground out 1-3 (Groundball, 15, EV 61.2 MPH)
|
Batting: RHB Quintin Parker
|
0-0: Ball 1-0: Called Strike 1-1: Ground out 5-3 (Groundball, 5, EV 88.1 MPH)
|
Batting: RHB Josh Hensley
|
0-0: Ball 1-0: SOLO HOME RUN (Line Drive, 78XD, EV 108.1 MPH), Distance : 420 ft
|
Batting: RHB Chris Pounds
|
0-0: Called Strike 0-1: Ball 1-1: Foul Ball, location: 2F 1-2: Ball 2-2: Hit by Pitch, AND HE CHARGES THE MOUND! The benches clear!
|
Pitching: RHP Elijah Daniels
|
|
Pinch Runner at 1st Moritake Fukumoto:
|
|
Batting: LHB Darrell Ortega
|
0-0: Ball 1-0: Ground out U3 (Groundball, 3, EV 89.4 MPH)
|
Top of the 9th over - 1 run, 1 hit, 0 errors, 1 left on base; Lehigh Valley 4 - Memphis 2 |
BOTTOM OF THE 9TH |
Memphis Redbirds batting - Pitching for Lehigh Valley IronPigs : RHP Ben Bosley
|
Pitching: LHP John Schipper
|
|
Now at C: Aaron Burress
|
|
Batting: LHB Jesus Ramirez
|
0-0: Called Strike 0-1: Foul Ball, location: 2F 0-2: Strikes out swinging
|
Batting: RHB Josh Lyon
|
0-0: Ball 1-0: Called Strike 1-1: Called Strike 1-2: Ball 2-2: SINGLE (Groundball, 6MD, EV 97.5 MPH)
|
Pinch Hitting: SHB Quido van Erp
|
0-0: Called Strike 0-1: Foul Ball, location: 2F 0-2: Ball 1-2: Foul Ball, location: 2F 1-2: Foul Ball, location: 2F 1-2: Strikes out swinging
|
Batting: RHB Dustin Clark
|
0-0: Ball 1-0: Ball 2-0: Called Strike 2-1: Swinging Strike 2-2: Strikes out swinging
|
Bottom of the 9th over - 0 runs, 1 hit, 0 errors, 1 left on base; Lehigh Valley 4 - Memphis 2 |
|